[Event "Late-Titled-Tuesday-Blitz-April-30-2024"]
[Site "Chess.com"]
[Date "2024.04.30"]
[Round "4"]
[White "Goryachkina"]
[Black "MeisterJabo"]
[Result "1-0"]
[WhiteElo "2692"]
[BlackElo "2462"]
[TimeControl "180+1"]
[EndTime "14:40:06 PDT"]
[Termination "Goryachkina won by resignation"]

1. e4 e5 2. Nf3 Nf6 3. d4 Nxe4 4. Bd3 Nc6 5. dxe5 Nc5 6. Bc4 Ne6 7. O-O d6 8. Qe2 dxe5 9. Nxe5 Nxe5 10. Qxe5 Bd6 11. Qh5 O-O 12. Nc3 Nc5 13. Bg5 Be7 14. Rad1 Bd7 15. Be3 Ne6 16. f4 g6 17. Qf3 Ng7 18.
Qxb7 Rb8 19. Qxa7 Rxb2 20. Nd5 Bd6 21. Bd4 Rxc2 22. Bb3 Re2 23. Nf6+ Kh8 24. Qa6 Qe7 25. Nxd7 Qe4 26. Rf2 Rxf2 27. Bxf2 Qxf4 28. g3 Qg4 29. Nxf8 Qxd1+ 30. Bxd1 1-0

[Event "Late-Titled-Tuesday-Blitz-April-30-2024"]
[Site "Chess.com"]
[Date "2024.04.30"]
[Round "4"]
[White "1g60-1"]
[Black "Iuckyducky"]
[Result "0-1"]
[WhiteElo "2429"]
[BlackElo "2231"]
[TimeControl "180+1"]
[EndTime "14:40:07 PDT"]
[Termination "Iuckyducky won by resignation"]

1. e4 c5 2. Nf3 Nc6 3. d4 cxd4 4. Nxd4 Nf6 5. Nc3 e5 6. Ndb5 d6 7. Bg5 a6 8. Bxf6 gxf6 9. Na3 f5 10. Bd3 Bg7 11. Nd5 O-O 12. O-O fxe4 13. Bxe4 f5 14. Bd3 b5 15. c3 e4 16. Be2 f4 17. Nxf4 Rxf4 18. Qd5+ Rf7 19. Qxc6 Bb7 20. Qxb7 Rxb7 21.
Rad1 Qf6 22. Nc2 Kh8 23. Ne3 Rg8 24. g3 b4 25. c4 Qxb2 26. Bg4 Qxa2 27. Rxd6 b3 28.
Be6 b2 29. c5 Qa5 30. Bxg8 Kxg8 31. Rb1 Qxc5 32. Rd5 Qc7 33. Kg2 a5 34. Nf5 a4 35.
Rd4 a3 36. Ra4 Qc3 37. Nd6 e3 38. Rf1 Qc6+ 39. Kg1 Qxa4 40. fxe3 b1=Q 0-1

[Event "Late-Titled-Tuesday-Blitz-April-30-2024"]
[Site "Chess.com"]
[Date "2024.04.30"]
[Round "4"]
[White "ritanovikova"]
[Black "burritus"]
[Result "0-1"]
[WhiteElo "2176"]
[BlackElo "2415"]
[TimeControl "180+1"]
[EndTime "14:40:07 PDT"]
[Termination "burritus won on time"]

1. g4 d5 2. Bg2 c6 3. b3 Bxg4 4. Bb2 Nf6 5. c4 e6 6. d3 Bd6 7. h3 Bh5 8. Nf3 Nbd7 9. Nbd2 Qe7 10. a3 a5 11. d4 O-O 12. Rg1 e5 13. dxe5 Nxe5 14. Nd4 Nd3+ 15. Kf1 Nxb2 16. Qc2 Bg6 17. Qxb2 dxc4 18. Nxc4 Bh2 19. Rh1 Bc7 20. Ne3 Qe5 21. Ng4 Nxg4 22. hxg4 Rad8 23. e3 f5 24. Rd1 fxg4 25.
Qe2 h5 26. Nc2 Rxd1+ 27. Qxd1 Qc3 28. Nd4 g3 29. Kg1 gxf2+ 0-1

[Event "Late-Titled-Tuesday-Blitz-April-30-2024"]
[Site "Chess.com"]
[Date "2024.04.30"]
[Round "4"]
[White "superchess02"]
[Black "DanielNaroditsky"]
[Result "1-0"]
[WhiteElo "2871"]
[BlackElo "3032"]
[TimeControl "180+1"]
[EndTime "14:40:10 PDT"]
[Termination "superchess02 won on time"]

1. d4 Nf6 2. c4 g6 3. Nc3 Bg7 4. e4 d6 5. f3 O-O 6. Nge2 a6 7. Be3 b5 8. Qd2 Nbd7 9. g4 c5 10. h4 b4 11. Nd1 cxd4 12. Nxd4 Ne5 13. h5 Bb7 14.
Nf2 Rc8 15. Rc1 Qa5 16. b3 Nfd7 17. Bh6 Bh8 18. Bxf8 Rxf8 19. Be2 Nc6 20. hxg6 fxg6 21. Nxc6 Bxc6 22. c5 Bc3 23. Rxc3 bxc3 24. Qh6 c2+ 25. Kf1 Rf7 26. Bc4 d5 27. exd5 Qc3 28. dxc6 c1=Q+ 29. Qxc1 Qxc1+ 30. Kg2 Qf4 31. Bxf7+ Kxf7 32. cxd7 Qc7 33.
Rd1 Qd8 34. c6 Ke6 35. Ne4 Qb6 36. d8=Q Qb5 37. Qd7+ 1-0

[Event "Late-Titled-Tuesday-Blitz-April-30-2024"]
[Site "Chess.com"]
[Date "2024.04.30"]
[Round "4"]
[White "Darkbluelord"]
[Black "bubeliang"]
[Result "0-1"]
[WhiteElo "2193"]
[BlackElo "2807"]
[TimeControl "180+1"]
[EndTime "14:40:10 PDT"]
[Termination "bubeliang won by resignation"]

1. e4 c6 2. d4 d5 3. f3 e6 4.
Nc3 g6 5. e5 Bg7 6. f4 h5 7.
Nf3 Nh6 8. Bd3 Nd7 9. O-O c5 10. Nb5 O-O 11. Nd6 cxd4 12. Nxd4 Qb6 13. c3 Nc5 14. Bc2 Qc7 15. h3 Nf5 16. N4xf5 exf5 17. b4 Ne4 18. Bxe4 dxe4 19. Bb2 Be6 20. Kh1 Rfd8 21.
Qe2 a6 22. c4 Qc6 23. c5 b6 24.
Bd4 bxc5 25. Bxc5 Rab8 26. a3 Rd7 27. Rac1 Qa4 28. Qe3 Rbd8 29. Rfd1 f6 30. exf6 Bf8 31. Qc3 Bxd6 32. Bxd6 Rxd6 33. Rxd6 Rxd6 34. f7+ Bxf7 35. Qc8+ Qe8 36. Qb7 e3 37. Rc8 Rd8 38. Rxd8 Qxd8 39. Qf3 Qd2 40. Qa8+ Kg7 41. Qb8 e2 42. Qe5+ Kh7 43.
Qf6 e1=Q+ 44. Kh2 Qxf4+ 0-1

[Event "Late-Titled-Tuesday-Blitz-April-30-2024"]
[Site "Chess.com"]
[Date "2024.04.30"]
[Round "4"]
[White "Synctel"]
[Black "chess_sharparchitect"]
[Result "1-0"]
[WhiteElo "2027"]
[BlackElo "2256"]
[TimeControl "180+1"]
[EndTime "14:40:11 PDT"]
[Termination "Synctel won by resignation"]

1. d4 Nf6 2. Nf3 d5 3. e3 c5 4. c3 Nc6 5. dxc5 a5 6. Bb5 e6 7. b4 Bd7 8. a4 Qc7 9. Bb2 Be7 10.
Nbd2 O-O 11. Qb3 e5 12. h3 Rfd8 13. O-O Be6 14. Bxc6 bxc6 15. Ng5 Bf5 16. e4 dxe4 17. Qxf7+ Kh8 18. Nc4 Bg6 19. Qe6 Rf8 20. Nxe5 Nd5 21.
Nxg6+ hxg6 22. Nf7+ Kh7 23. c4 Nf4 24. Qe5 Qxe5 25. Nxe5 Bf6 26. b5 cxb5 27. cxb5 Rfe8 28. Nc4 Nd3 29. Bxf6 gxf6 30. c6 Rab8 31. b6 Nb4 32.
c7 Rb7 33. Nd6 Rxb6 34. Nxe8 Nc2 35. c8=Q 1-0

[Event "Late-Titled-Tuesday-Blitz-April-30-2024"]
[Site "Chess.com"]
[Date "2024.04.30"]
[Round "4"]
[White "ab-lsv"]
[Black "MKlose11"]
[Result "0-1"]
[WhiteElo "2362"]
[BlackElo "2640"]
[TimeControl "180+1"]
[EndTime "14:40:13 PDT"]
[Termination "MKlose11 won by resignation"]

1. d4 Nf6 2. c4 c5 3. d5 b5 4.
cxb5 a6 5. bxa6 Bxa6 6. Nc3 d6 7.
e4 Bxf1 8. Kxf1 Nbd7 9. Nf3 g6 10. g3 Bg7 11. Kg2 O-O 12. a4 Qb6 13. Qc2 Rfb8 14. Nb5 Ne8 15. Ra3 Nc7 16. Nxc7 Qxc7 17. b3 Qb6 18.
Nd2 Qa6 19. Nc4 Nb6 20. Nxb6 Rxb6 21. Bg5 Qb7 22. Rb1 Rb8 23. a5 Ra6 24. Bd2 Qb5 25.
Bc3 Bxc3 26. Qxc3 Qb4 27. Qxb4 Rxb4 28. Kf3 c4 29. Ke3 cxb3 30. Rbxb3 Rxb3+ 31. Rxb3 Rxa5 32. Rb7 Kf8 33. h4 f6 34. Kf4 Kf7 35. f3 Ra4 36. g4 Ra1 37. Rc7 Rh1 38. Kg3 Rg1+ 39. Kf4 Ra1 40.
Rb7 Rg1 41. Rc7 h5 42. gxh5 g5+ 43. hxg5 Rxg5 44. h6 Rh5 45. h7 Rxh7 46. Ke3 Rh1 47. Kf4 Rh2 48. Ra7 Rh4+ 49. Ke3 Rh2 50. Kf4 Rh5 51. Rb7 f5 52. Ra7 Kf6 53. Rb7 Rh4+ 54. Ke3 Rh7 55. Kf4 e5+ 0-1

[Event "Late-Titled-Tuesday-Blitz-April-30-2024"]
[Site "Chess.com"]
[Date "2024.04.30"]
[Round "4"]
[White "whiteglovethief"]
[Black "dasatcu90"]
[Result "0-1"]
[WhiteElo "2484"]
[BlackElo "2235"]
[TimeControl "180+1"]
[EndTime "14:40:13 PDT"]
[Termination "dasatcu90 won by resignation"]

1. d4 d5 2. c4 c6 3. Nf3 Nf6 4. Nc3 a6 5. e3 b5 6. b3 Bg4 7. Qc2 Bxf3 8. gxf3 e6 9. Bd2 Nbd7 10. c5 e5 11. Be2 exd4 12. exd4 g6 13. O-O-O Bg7 14. Bd3 O-O 15. h4 Nh5 16. Rdg1 Bxd4 17. Bh6 Re8 18. Ne2 Bf6 19. Ng3 Ng7 20. h5 Ne5 21. hxg6 Nxd3+ 22. Qxd3 fxg6 23. Bxg7 Bxg7 24. f4 Qf6 25. Qc2 Qxf4+ 26. Kb1 Qf6 27. Kc1 Qf4+ 28.
Kb1 Qd4 29. Kc1 Rf8 30. Rg2 Rf3 31. Ne2 Qa1+ 32. Qb1 Qxb1+ 33. Kxb1 Raf8 34. Rf1 Be5 35. Kc2 Kg7 36. Nc1 Bd4 37. Nd3 h5 38. Nb4 Rxf2+ 39.
Rfxf2 Rxf2+ 40. Rxf2 Bxf2 41. Nxa6 h4 42. Nc7 h3 43.
Ne6+ Kg8 0-1

[Event "Late-Titled-Tuesday-Blitz-April-30-2024"]
[Site "Chess.com"]
[Date "2024.04.30"]
[Round "4"]
[White "BillCoe"]
[Black "maracayo"]
[Result "0-1"]
[WhiteElo "2145"]
[BlackElo "2362"]
[TimeControl "180+1"]
[EndTime "14:40:14 PDT"]
[Termination "maracayo won by checkmate"]

1. e4 c5 2. Nf3 d6 3. d4 cxd4 4.
Nxd4 Nf6 5. Nc3 a6 6. h3 e6 7. g4 Qc7 8. Bg2 Be7 9. g5 Nfd7 10. h4 b5 11. Be3 Bb7 12. O-O Nc6 13. Nxc6 Bxc6 14. Ne2 Ne5 15. Nd4 Bb7 16. c3 h6 17.
Bf4 hxg5 18. hxg5 g6 19. Qe2 Nc4 20. Rae1 e5 21. b3 Nb6 22. Be3 exd4 23. Bxd4 Rh5 24. f4 Nd7 25. Bf3 Rh4 26. Bg4 Nc5 27. Bf2 Rh8 28. Bd4 Rh4 29. Bf2 Rh7 30. Bf3 O-O-O 31.
Kg2 Rdh8 32. Bg3 d5 33. f5 Qd7 34. Be5 dxe4 35. Bg4 e3+ 36. Kg3 Bd6 37. Qxe3 Ne4+ 38. Kf4 gxf5 39. Bxf5 Rh4+ 40. Kf3 Nxc3+ 41. Kf2 Qxf5+ 42.
Kg1 Rh1# 0-1

[Event "Late-Titled-Tuesday-Blitz-April-30-2024"]
[Site "Chess.com"]
[Date "2024.04.30"]
[Round "4"]
[White "JaackCamel"]
[Black "maurovargas01"]
[Result "1-0"]
[WhiteElo "2262"]
[BlackElo "1957"]
[TimeControl "180+1"]
[EndTime "14:40:14 PDT"]
[Termination "JaackCamel won on time"]

1. d4 d5 2. c4 e6 3. Nc3 c6 4. e4 dxc4 5. Bxc4 Nf6 6. Nf3 Bb4 7. Qe2 b5 8. Bd3 Bb7 9. O-O Nbd7 10. Bg5 h6 11.
Bh4 g5 12. Bg3 Ba5 13. d5 cxd5 14. exd5 O-O 15. dxe6 fxe6 16. Qxe6+ Kg7 17. Qf5 b4 18. Qg6+ Kh8 19. Qxh6+ Kg8 20. Qxg5+ Kf7 21. Qg6+ Ke7 22. Rfe1+ Ne5 23. Rxe5+ Kd7 24. Bb5+ Bc6 25. Rd1+ Kc7 26. Rxd8 bxc3 27. Rc5+ Kb6 28. Rxf8 Rxf8 29. Rxc6+ Kxb5 30. Nd4+ Kb4 31. bxc3+ Ka3 32. Bd6+ Bb4 33. Bxb4+ Kb2 34. Qc2+ Ka1 35. Qc1+ 1-0

[Event "Late-Titled-Tuesday-Blitz-April-30-2024"]
[Site "Chess.com"]
[Date "2024.04.30"]
[Round "4"]
[White "Semyon_Khanin"]
[Black "Doomfist26"]
[Result "1-0"]
[WhiteElo "2878"]
[BlackElo "2631"]
[TimeControl "180+1"]
[EndTime "14:40:15 PDT"]
[Termination "Semyon_Khanin won by resignation"]

1. e4 e6 2. d4 d5 3. e5 c5 4. c3 Nc6 5. Nf3 Bd7 6. Na3 f6 7. Bb5 a6 8. Bxc6 Bxc6 9. O-O Qc7 10. Bf4 f5 11. dxc5 Bxc5 12. Nc2 Ne7 13. Ncd4 Bd7 14. Ng5 Qb6 15. Be3 O-O 16. b4 Bxd4 17. Bxd4 Qd8 18.
Bc5 h6 19. Nf3 Rf7 20. a4 Rc8 21. a5 Bb5 22. Re1 Nc6 23. h4 g5 24. hxg5 hxg5 25.
Qd2 Rg7 26. Nd4 Nxd4 27. cxd4 Rh7 28. g3 g4 29. Kg2 Kf7 30. Rh1 Qh8 31. Qg5 Re8 32.
Rxh7+ Qxh7 33. Qf6+ Kg8 34. Rh1 Qg7 35. Rh6 Qxf6 36.
exf6 Kf7 37. Be7 Rc8 38. Rh7+ Kg6 39. Rg7+ Kh6 40. Bd6 Be2 41. Bf4+ Kh5 42. Rg5+ Kh6 43. Rg8+ 1-0

[Event "Late-Titled-Tuesday-Blitz-April-30-2024"]
[Site "Chess.com"]
[Date "2024.04.30"]
[Round "4"]
[White "FredddieCroderg"]
[Black "yaguigor"]
[Result "1-0"]
[WhiteElo "2439"]
[BlackElo "2558"]
[TimeControl "180+1"]
[EndTime "14:40:16 PDT"]
[Termination "FredddieCroderg won by resignation"]

1. e4 Nc6 2. Bb5 Nd4 3. Ba4 e5 4. c3 Ne6 5. Qf3 Nf6 6. d3 c6 7. Ne2 d5 8. Ng3 Nc5 9. Bc2 a5 10. h3 h6 11. Nf5 g6 12. Ne3 dxe4 13. dxe4 Bg7 14. O-O Ne6 15. Ng4 Nxg4 16. hxg4 Qh4 17. Qh3 Qxh3 18. gxh3 h5 19. g5 h4 20. Bd1 Nc5 21.
Kg2 Nxe4 22. Re1 Nc5 23. Be3 Ne6 24. Nd2 a4 25. Nc4 O-O 26. Nb6 Ra5 27. Bxa4 Nf4+ 28.
Bxf4 exf4 29. Nxc8 Rxg5+ 30. Kf3 Rxc8 31. Re7 b5 32.
Bb3 Rf5 33. Rd1 Bf8 34. Rb7 c5 35. Bd5 Kg7 36. Rxb5 Rd8 37. c4 Be7 38. Rb7 Kg8 39. Rxe7 1-0

[Event "Late-Titled-Tuesday-Blitz-April-30-2024"]
[Site "Chess.com"]
[Date "2024.04.30"]
[Round "4"]
[White "Atanejhad"]
[Black "CMButgood"]
[Result "1-0"]
[WhiteElo "2456"]
[BlackElo "2090"]
[TimeControl "180+1"]
[EndTime "14:40:16 PDT"]
[Termination "Atanejhad won on time"]

1. d4 Nf6 2. c4 g6 3. Nc3 d6 4. e4 Bg7 5. f3 O-O 6. Be3 c5 7.
dxc5 dxc5 8. Qxd8 Rxd8 9. Bxc5 Nc6 10. Rd1 Rxd1+ 11. Kxd1 b6 12. Ba3 Ba6 13. b3 Rd8+ 14. Ke1 Nd4 15. Bxe7 Nc2+ 16. Ke2 Rd7 17. Bxf6 Bxf6 18.
Nd5 Bg7 19. Kd3 Nb4+ 20. Ke3 Nxa2 21. Bd3 Nc3 22. Ne2 Nxd5+ 23. cxd5 Bxd3 24. Kxd3 f5 25. Nd4 fxe4+ 26. fxe4 Be5 27. Rc1 Bxh2 28. Rc8+ Kg7 29. Ne6+ Kh6 30. Rc1 1-0

[Event "Late-Titled-Tuesday-Blitz-April-30-2024"]
[Site "Chess.com"]
[Date "2024.04.30"]
[Round "4"]
[White "JiiHart"]
[Black "Walter_White_Poland"]
[Result "0-1"]
[WhiteElo "2154"]
[BlackElo "2366"]
[TimeControl "180+1"]
[EndTime "14:40:16 PDT"]
[Termination "Walter_White_Poland won by resignation"]

1. e4 c5 2. c3 e6 3. d4 d5 4. exd5 exd5 5. Nf3 Nc6 6. a3 c4 7. b3 cxb3 8. Qxb3 Nf6 9. Bd3 Be7 10. O-O O-O 11. Nbd2 Na5 12. Qc2 h6 13. Re1 Be6 14.
Nf1 Rc8 15. Ne5 Qc7 16. Bd2 Rfe8 17. Ng3 a6 18. a4 Nd7 19. f4 Nxe5 20. fxe5 Nc4 21.
Bf4 Na3 22. Rxa3 Bxa3 23. Bd2 Bb4 24. Rc1 Ba5 25. Qd1 Qe7 26. Qh5 Bd8 27. Bxh6 gxh6 28. Qxh6 Qg5 29. Qh7+ Kf8 30. Rf1 Rxc3 31. Bg6 Rc1 32.
Qh8+ Ke7 33. Qf6+ Kd7 34. Qxg5 Rxf1+ 35. Nxf1 Bxg5 36. Bd3 Rb8 37. g3 b5 38. h4 Bh6 39.
axb5 axb5 40. Ne3 Bxe3+ 0-1

[Event "Late-Titled-Tuesday-Blitz-April-30-2024"]
[Site "Chess.com"]
[Date "2024.04.30"]
[Round "4"]
[White "georgpapi"]
[Black "albi1999"]
[Result "0-1"]
[WhiteElo "2378"]
[BlackElo "2653"]
[TimeControl "180+1"]
[EndTime "14:40:17 PDT"]
[Termination "albi1999 won on time"]

1. Nf3 Nf6 2. c4 g6 3. b3 Bg7 4. Bb2 O-O 5. g3 d6 6. Bg2 e5 7. O-O c5 8. e3 Nc6 9. Nc3 Ne8 10.
d3 Nc7 11. Nd2 h5 12. Nd5 Nxd5 13. Bxd5 Nb4 14. Be4 f5 15. Bd5+ Nxd5 16. cxd5 h4 17. f4 Qe7 18. Re1 b5 19. Nf3 hxg3 20. hxg3 Bb7 21.
fxe5 Bxd5 22. e4 Bb7 23. exd6 Qxd6 24. e5 Qd5 25. Rf1 g5 26. Kh2 Rae8 27. Qe2 Re6 28. a4 b4 29. Rac1 Rh6+ 30. Kg1 Rh3 31. Kf2 f4 32. g4 Rxf3+ 0-1

[Event "Late-Titled-Tuesday-Blitz-April-30-2024"]
[Site "Chess.com"]
[Date "2024.04.30"]
[Round "4"]
[White "Naoki"]
[Black "OparinGrigoriy"]
[Result "0-1"]
[WhiteElo "2617"]
[BlackElo "2981"]
[TimeControl "180+1"]
[EndTime "14:40:18 PDT"]
[Termination "OparinGrigoriy won by resignation"]

1. e4 d6 2. d4 Nf6 3. Nc3 Nbd7 4. Nf3 e5 5. Bc4 Be7 6. O-O O-O 7. Re1 c6 8. a4 Qc7 9. Ba2 h6 10. h3 Re8 11.
Be3 Bf8 12. dxe5 Nxe5 13. Nd2 Ng6 14. f4 Bd7 15. Qf3 Rad8 16. Rad1 Be6 17. Bxe6 fxe6 18. Qg3 Qf7 19. e5 Nh5 20. Qg4 Nhxf4 21. exd6 Bxd6 22. Bxa7 Ne5 23. Qg3 Ned3 24. Rf1 Nxb2 25. Rb1 Be5 26. Nde4 Nxa4 27. Be3 Nxc3 28. Nxc3 Qg6 29. Bxf4 Qxg3 30. Bxg3 Bxc3 31. Rxb7 Rd2 32. Be1 Bd4+ 33. Kh1 Rxc2 34. Ba5 c5 35. Rff7 Ra8 36. Bb6 Ra1+ 0-1

[Event "Late-Titled-Tuesday-Blitz-April-30-2024"]
[Site "Chess.com"]
[Date "2024.04.30"]
[Round "4"]
[White "Real_taiatai"]
[Black "slidingknight2775"]
[Result "1-0"]
[WhiteElo "2488"]
[BlackElo "2618"]
[TimeControl "180+1"]
[EndTime "14:40:20 PDT"]
[Termination "Real_taiatai won by checkmate"]

1. d4 Nf6 2. c4 g6 3. g3 Bg7 4. Bg2 c5 5. d5 O-O 6. Nc3 d6 7.
e4 e6 8. Nge2 exd5 9. cxd5 Re8 10. O-O Na6 11. h3 Nc7 12. a4 Bd7 13. Bf4 Bf8 14. Bg5 h6 15. Be3 b5 16. axb5 Nxb5 17.
Qd2 Kh7 18. Rfe1 Nxc3 19. Nxc3 Bg7 20. f4 Nh5 21. Bf2 g5 22. Qd1 Nf6 23. e5 gxf4 24. exf6 Qxf6 25. Ra4 Rxe1+ 26. Bxe1 fxg3 27. Re4 Qg6 28. Re7 Bf5 29. Kh1 Be5 30. Qf3 Rg8 31. Rxa7 Rg7 32.
Ne4 h5 33. Bc3 Bxe4 34. Qxe4 f5 35. Rxg7+ Kxg7 36. Bxe5+ dxe5 37. Qxe5+ Kh7 38. d6 f4 39. Be4 g2+ 40. Kg1 f3 41. Qxh5+ Kg8 42. Qxg6+ Kf8 43. Qf6+ Kg8 44. Bd5+ Kh7 45. Qxf3 Kh6 46. d7 c4 47. d8=Q c3 48. Qh4+ Kg6 49. Qff6# 1-0

[Event "Late-Titled-Tuesday-Blitz-April-30-2024"]
[Site "Chess.com"]
[Date "2024.04.30"]
[Round "4"]
[White "ansko1999"]
[Black "osielchesslover2011"]
[Result "1-0"]
[WhiteElo "2628"]
[BlackElo "2228"]
[TimeControl "180+1"]
[EndTime "14:40:21 PDT"]
[Termination "ansko1999 won on time"]

1. c4 Nf6 2. Nc3 g6 3. d4 Bg7 4. Nf3 O-O 5. Bg5 d6 6. e3 c5 7. d5 Nbd7 8. Be2 h6 9. Bh4 a6 10.
O-O Qc7 11. Qc2 g5 12. Bg3 Rb8 13. h3 Re8 14. e4 Ne5 15. Nxe5 dxe5 16. Rab1 Bd7 17. a4 e6 18. Rfe1 exd5 19. exd5 Qc8 20. Bd3 Nh5 21. Ne4 Qc7 22. Bh2 f5 23. Ng3 Nxg3 24. Bxg3 f4 25. Bh2 Qd6 26. f3 b5 27. axb5 axb5 28. b3 bxc4 29. bxc4 Kh8 30. Kh1 Ra8 31. Bg1 Ra5 32. Rb7 Rea8 33. Reb1 Bc8 34.
R7b6 Qe7 35. Bf5 1-0

[Event "Late-Titled-Tuesday-Blitz-April-30-2024"]
[Site "Chess.com"]
[Date "2024.04.30"]
[Round "4"]
[White "CarrotsandPizza"]
[Black "GMG"]
[Result "0-1"]
[WhiteElo "2592"]
[BlackElo "2802"]
[TimeControl "180+1"]
[EndTime "14:40:22 PDT"]
[Termination "GMG won by resignation"]

1. e4 c5 2. Nf3 Nc6 3. d4 cxd4 4. Nxd4 Nf6 5. Nc3 e5 6. Ndb5 d6 7. Bg5 a6 8. Na3 b5 9. Bxf6 gxf6 10. Nd5 f5 11. g3 fxe4 12. Bg2 Bg7 13. Bxe4 O-O 14.
O-O Ra7 15. c3 f5 16. Bg2 Kh8 17. Nc2 a5 18. a4 b4 19. cxb4 axb4 20. Ndxb4 Nxb4 21.
Nxb4 Qb6 22. Qd2 e4 23. a5 Rxa5 24. Rxa5 Qxa5 25. Qxd6 Qe5 26. Qxe5 Bxe5 27. Nc6 Bxb2 28. Rb1 Ba3 29. Rb8 Bd7 30. Rxf8+ Bxf8 31. Ne5 Be6 32.
Bh3 Kg7 33. Nc6 Kf6 34. Nd4 Bd7 35. Kf1 Bc5 36. Nb3 Bb6 37. Nd2 Bb5+ 38. Ke1 Ba5 39.
Kd1 Ke5 40. Nb3 Ba4 41. Kc2 Be1 42. Kb2 Bxb3 43. Kxb3 Bxf2 44. Bg2 Bg1 45. h3 Bh2 46. g4 f4 47. Kc2 f3 48. Bf1 Kf4 49. Kd2 Bg1 50. Ke1 Kg3 51. Kd2 h6 52. Ke1 Bc5 53.
Kd2 Kf2 54. Bc4 e3+ 0-1

[Event "Late-Titled-Tuesday-Blitz-April-30-2024"]
[Site "Chess.com"]
[Date "2024.04.30"]
[Round "4"]
[White "Kombinator01"]
[Black "merinasian"]
[Result "0-1"]
[WhiteElo "2381"]
[BlackElo "2604"]
[TimeControl "180+1"]
[EndTime "14:40:22 PDT"]
[Termination "merinasian won on time"]

1. d4 d6 2. e4 Nd7 3. Nc3 g6 4. Bc4 Bg7 5. Nf3 e6 6. Bg5 Ne7 7. Qd2 h6 8. Be3 a6 9. a4 b6 10. O-O Bb7 11. Rad1 Nf6 12. Bd3 Ng4 13. Bf4 g5 14.
Bg3 O-O 15. Ne2 f5 16. exf5 exf5 17. Nxg5 hxg5 18. Qxg5 Nd5 19. Qh5 Qe8 20. Qh3 Nb4 21. Nf4 Nxd3 22. Rxd3 Qf7 23. f3 Nh6 24. Nh5 Rae8 25.
Bf4 Re6 26. d5 Rg6 27. c4 Bxb2 28. a5 Be5 29. axb6 cxb6 30. Re1 Re8 31. Kf1 a5 32. Rde3 Ba6 33. Bxe5 dxe5 34. Rxe5 Rxe5 35. Rxe5 Bxc4+ 36. Kf2 Ng4+ 0-1

[Event "Late-Titled-Tuesday-Blitz-April-30-2024"]
[Site "Chess.com"]
[Date "2024.04.30"]
[Round "4"]
[White "Vincefm"]
[Black "Oleg_Papayan"]
[Result "0-1"]
[WhiteElo "2364"]
[BlackElo "2652"]
[TimeControl "180+1"]
[EndTime "14:40:24 PDT"]
[Termination "Oleg_Papayan won on time"]

1. e4 d5 2. exd5 Qxd5 3. Nc3 Qd8 4. d4 c6 5. Nf3 Bf5 6. Ne5 Nd7 7. Nc4 e6 8. a4 a5 9. Bd3 Bg6 10. O-O Nb6 11. Ne5 Qxd4 12. Nxg6 hxg6 13. Be3 Qh4 14. h3 Nc4 15. Bxc4 Qxc4 16. Qf3 Nf6 17. Rad1 Bc5 18. Bg5 Be7 19. Bxf6 gxf6 20. b3 Qc5 21. Ne4 Qf5 22.
Qe3 Kf8 23. Rd6 Bxd6 24. Nxd6 Qe5 25. Qxe5 fxe5 26. Nxb7 Ke7 27. Re1 f6 28. Nc5 g5 29.
Nb7 Ra7 30. Nc5 Rd8 31. g3 Rd2 32. f4 Rxc2 33. Ne4 gxf4 34. gxf4 exf4 35. h4 e5 36. h5 Ke6 37. h6 Rh7 0-1

[Event "Late-Titled-Tuesday-Blitz-April-30-2024"]
[Site "Chess.com"]
[Date "2024.04.30"]
[Round "4"]
[White "rdarruda"]
[Black "KorolDimitriy75"]
[Result "1-0"]
[WhiteElo "2544"]
[BlackElo "2351"]
[TimeControl "180+1"]
[EndTime "14:40:24 PDT"]
[Termination "rdarruda won on time"]

1. d4 Nf6 2. Nf3 g6 3. Nc3 d5 4. Bg5 Bg7 5. Bxf6 Bxf6 6. e4 dxe4 7. Nxe4 Bg7 8. Bc4 O-O 9. O-O Nd7 10. c3 e6 11. Qe2 c6 12. Rad1 Qc7 13. h4 c5 14.
d5 exd5 15. Bxd5 Nb6 16. Bb3 Bg4 17. Nd6 Rad8 18. Nc4 Rfe8 19. Rxd8 Qxd8 20. Rd1 Qb8 21. Qd3 Bf5 22. Qd6 Nxc4 23. Qxb8 Rxb8 24. Bxc4 b5 25. Bd5 Bf6 26. Ng5 Bxg5 27. hxg5 Kg7 28. f3 Rd8 29. Bb3 Rxd1+ 30. Bxd1 f6 31. f4 fxg5 32. fxg5 h6 33.
gxh6+ Kxh6 34. b4 cxb4 35. cxb4 Kg5 36. Kf2 Kf4 37. Bf3 Be6 38. a3 Bc4 39. g3+ Ke5 40.
Ke3 g5 41. Bc6 Bf1 42. Be8 Bc4 43. Bh5 Bf1 44. Bf3 Bc4 45. Bc6 Bf1 46. Kf3 Kd4 47. Kg4 Kc3 48. Kxg5 Kb3 49. Kf6 Kxa3 50. g4 Kxb4 51.
g5 1-0

[Event "Late-Titled-Tuesday-Blitz-April-30-2024"]
[Site "Chess.com"]
[Date "2024.04.30"]
[Round "4"]
[White "jaramsdal"]
[Black "m_ezat"]
[Result "1-0"]
[WhiteElo "2387"]
[BlackElo "2512"]
[TimeControl "180+1"]
[EndTime "14:40:24 PDT"]
[Termination "jaramsdal won by checkmate"]

1. e4 e5 2. Nf3 Nc6 3. Bc4 Nf6 4.
d3 h6 5. c3 d6 6. Nbd2 g5 7. Nf1 Bg7 8. h3 a6 9. Ng3 Na5 10. Bd5 c6 11. Bxf7+ Kxf7 12. b4 Be6 13. Bxg5 hxg5 14. Nxg5+ Ke7 15. Nxe6 Kxe6 16. bxa5 Qxa5 17.
Qb3+ d5 18. O-O Rab8 19. f4 Nh5 20. Nf5 Bf6 21. fxe5 Bxe5 22. d4 Bf6 23. Rae1 Kd7 24. e5 Be7 25. e6+ Ke8 26. Nxe7 Kxe7 27. Rf7+ Ke8 28.
Rxb7 Rd8 29. Qc2 Nf4 30. Qf5 Rf8 31. Qh7 Qa3 32. e7 Qd6 33. exf8=Q+ Kxf8 34. Qf7# 1-0

[Event "Late-Titled-Tuesday-Blitz-April-30-2024"]
[Site "Chess.com"]
[Date "2024.04.30"]
[Round "4"]
[White "Polish_fighter3000"]
[Black "platy3"]
[Result "1-0"]
[WhiteElo "3080"]
[BlackElo "2873"]
[TimeControl "180+1"]
[EndTime "14:40:25 PDT"]
[Termination "Polish_fighter3000 won by resignation"]

1. e4 c5 2. Nf3 d6 3. d4 cxd4 4. Nxd4 Nf6 5. Nc3 a6 6. Bd3 e6 7. b3 Nc6 8. Nxc6 bxc6 9. Bb2 Be7 10. O-O O-O 11. f4 d5 12. Kh1 a5 13. Qe2 d4 14.
Na4 c5 15. Rac1 Bb7 16. c3 c4 17. Bxc4 Nxe4 18. cxd4 Bd6 19. Nc5 Bxc5 20. dxc5 Qh4 21.
Kg1 Rac8 22. c6 Bxc6 23. Ba6 f5 24. Qe3 h6 25. Rc4 Bd7 26. Bxc8 Bxc8 27. Qd4 Qg4 28.
Rc7 Nf6 29. Rf3 Qh5 30. Qc4 Bd7 31. Bxf6 1-0

[Event "Late-Titled-Tuesday-Blitz-April-30-2024"]
[Site "Chess.com"]
[Date "2024.04.30"]
[Round "4"]
[White "ArrestingPieces"]
[Black "Andrii_Prydun"]
[Result "1-0"]
[WhiteElo "2520"]
[BlackElo "2363"]
[TimeControl "180+1"]
[EndTime "14:40:25 PDT"]
[Termination "ArrestingPieces won by checkmate"]

1. e4 d5 2. exd5 Qxd5 3. Nc3 Qd6 4. d4 c6 5. Nf3 Nf6 6. g3 Bg4 7. Bg2 Nbd7 8. O-O e6 9. h3 Bxf3 10. Bxf3 g6 11. Bf4 Qe7 12. Re1 O-O-O 13. Qe2 Nb6 14. a4 a5 15. Be5 Bg7 16. Ne4 Rhg8 17. Nc5 Nfd5 18. c3 Bxe5 19. Qxe5 Rge8 20. Qe2 h5 21. h4 Rh8 22. b4 Nxc3 23. Qd3 axb4 24. a5 Qxc5 25. axb6 Qxb6 26. Qe3 Kb8 27. Qf4+ Qc7 28. Ra8+ Kxa8 29. Qxc7 Nd5 30. Ra1# 1-0

[Event "Late-Titled-Tuesday-Blitz-April-30-2024"]
[Site "Chess.com"]
[Date "2024.04.30"]
[Round "4"]
[White "vanea_03"]
[Black "Statham_01"]
[Result "0-1"]
[WhiteElo "2783"]
[BlackElo "2599"]
[TimeControl "180+1"]
[EndTime "14:40:29 PDT"]
[Termination "Statham_01 won on time"]

1. c4 e5 2. Nc3 Nf6 3. Nf3 e4 4.
Nd4 Nc6 5. e3 d5 6. Nxc6 bxc6 7.
cxd5 cxd5 8. d3 Bd6 9. dxe4 dxe4 10. Nxe4 O-O 11. Nxd6 cxd6 12. Be2 Bb7 13. O-O Qb6 14.
Qd4 Qc6 15. Bf3 Ne4 16. Bd2 d5 17. Rfc1 Qg6 18. Rc7 Ng5 19. Bg4 Rae8 20. f4 Re4 21. Qxa7 h5 22. fxg5 Rxg4 23. Qxb7 Qe4 24. g3 h4 25. Qb4 Qf3 26. Qf4 Rxf4 27. gxf4 h3 0-1